 Dungeon Crawl Stone Soup version 0.21-a0-401-g0b6bec4 (webtiles) character file.

11 riteheju the Sneak (level 2, -3/14 HPs)
             Began as a Spriggan Assassin on Oct 25, 2017.
             Slain by a hobgoblin
             ... wielding a +0 club
              (5 damage)
             ... on level 1 of the Dungeon.
             The game lasted 00:01:41 (381 turns).

riteheju the Sneak (Spriggan Assassin)               Turns: 381, Time: 00:01:42

Health: -3/14      AC:  3    Str:  7    XL:     2   Next: 17%
Magic:  3/3        EV: 17    Int: 12    God:
Gold:   33         SH:  0    Dex: 17    Spells: 1/1 levels left

rFire    . . .     SeeInvis +   a - +2 dagger
rCold    . . .     Gourm    .   (shield restricted)
rNeg     . . .     Faith    .   c - +0 robe
rPois    .         Spirit   .   (helmet restricted)
rElec    .         Reflect  .   d - +0 cloak
rCorr    .         Harm     .   (gloves unavailable)
MR       .....                  (boots unavailable)
Stlth    ++........             (no amulet)
HPRegen  0.04/turn              (no ring)
MPRegen  0.08/turn              (no ring)

@: slow
A: unfitting armour, see invisible, herbivore 3, speed 3, slow metabolism 2
a: no special abilities


You were on level 1 of the Dungeon.
You were not hungry.

You visited 1 branch of the dungeon, and saw 1 of its levels.

You collected 33 gold pieces.

Inventory:

Hand Weapons
 a - a +2 dagger (weapon)
 b - a +0 blowgun
Missiles
 e - 8 poisoned needles
 f - 2 curare-tipped needles
 i - 3 stones (quivered)
 k - 21 sling bullets
 l - 23 arrows
Armour
 c - a +0 robe (worn)
 d - a +0 cloak (worn)
Potions
 h - a potion of brilliance {unknown}
 j - a potion of resistance {unknown}
 m - a potion of mutation {unknown}
Comestibles
 g - a bread ration
 n - a royal jelly


   Skills:
 - Level 1.5 Fighting
 * Level 2.5 Short Blades
 - Level 2.0 Throwing
 + Level 1.7 Dodging
 + Level 6.4 Stealth


You had one spell level left.
You didn't know any spells.

Dungeon Overview and Level Annotations

Branches:
Dungeon (1/15)

Altars:


Innate Abilities, Weirdness & Mutations

You are very small and have problems with some larger weapons.
You are too small for most types of armour.
You have supernaturally acute eyesight. (SInv)
You are a herbivore.
You cover ground extremely quickly.
You need consume almost no food.


Message History

You hit the jackal.
The jackal is severely wounded.
The jackal completely misses you. The jackal bites you.
The hobgoblin splashes around in the water.
Your unstable footing causes you to fumble your attack.
The jackal barely misses you.
The jackal bites you but does no damage.
The hobgoblin hits you with a club.
Your unstable footing causes you to fumble your attack.
The jackal splashes around in the water. x2
The hobgoblin hits you with a club.
* * * LOW HITPOINT WARNING * * *
The jackal splashes around in the water.
The jackal bites you but does no damage.
You closely miss the jackal.
The jackal is heavily wounded.
The jackal closely misses you. x2
Your unstable footing causes you to fumble your attack.
The hobgoblin hits you with a club.
You die...

#####.#####.
≈≈≈≈P≈≈≈≈♣###.†.........
≈≈≈PP..≈....#.##).......
≈.............##........
........................
..≈..≈≈..≈≈≈♣♣##.#.#....
P≈.≈♣P≈≈≈≈P≈≈PP#.#.##.#.
≈≈≈≈≈≈gh≈≈≈≈P≈≈≈.#.##...
≈≈P≈≈≈≈@≈≈≈P≈P♣#.#.##...
♣≈P≈P≈≈≈h≈≈≈≈♣##.#.###..
≈≈≈≈P≈P≈≈♣♣♣#.##.#.# ..
♣≈≈≈≈≈≈P.........#.#
#♣♣♣♣♣♣##.########.# #.#
#.# ... #.### #.


You could see 2 jackals and a hobgoblin.

Vanquished Creatures
  2 bats (D:1)
  A giant cockroach (D:1)
  2 hobgoblins (D:1)
  2 jackals (D:1)
  3 frilled lizards (D:1)
  A goblin (D:1)
11 creatures vanquished.

Notes
Turn   | Place    | Note
-------+----------+-------------------------------------------
     0 | D:1      | riteheju the Spriggan Assassin began the quest for the Orb.
     0 | D:1      | Reached XP level 1. HP: 10/10 MP: 2/2
   155 | D:1      | Reached skill level 6 in Stealth
   343 | D:1      | Reached XP level 2. HP: 14/14 MP: 3/3
   381 | D:1      | Slain by a hobgoblin

Vault maps used:
D:1:      minmay_arrival_plants_in_alcoves, serial_bayou_ford_a

Skill      XL: |  1 |
---------------+----+-----
Stealth        | 6 |  6.4
Fighting       | |  1.5
Short Blades   | |  2.5
Throwing       | |  2.0
Dodging        | |  1.7

Action                   || total
-------------------------++-------
Melee: Dagger            ||    46
 Stab: Sleeping          ||     4
Armor: Robe              ||     9
Dodge: Dodged            ||    31

Table legend:
 A = Spawn XP
 B = Non-spawn XP
 C = Spawn XP percentage of total XP
 D = Spawn monster count
 E = Non-spawn monster count
 F = Spawn count percentage of total count
 G = Total turns spent on level
                    A         B        C        D         E        F      G
               +---------+---------+-------+---------+---------+-------+---------
         Total |       0 |      17 |   0.0 |       0 |      11 |   0.0 |   381
               +---------+---------+-------+---------+---------+-------+---------
           D:1 |       0 |      17 |   0.0 |       0 |      11 |   0.0 |   381
               +---------+---------+-------+---------+---------+-------+---------
